 Dungeon Crawl Stone Soup version 0.20.1-1-g8b1a95d (console) character file.

53 hilaritas the Chiller (level 3, 0/20 HPs)
             Began as a Deep Elf Ice Elementalist on Jan 1, 2018.
             Succumbed to an orc's poison
             ... on level 3 of the Dungeon.
             The game lasted 00:04:28 (1423 turns).

hilaritas the Chiller (Deep Elf Ice Elementalist)   Turns: 1423, Time: 00:04:29

Health: 0/20       AC:  8    Str:  5    XL:     3   Next: 64%
Magic:  0/9        EV: 13    Int: 20    God:
Gold:   42         SH:  0    Dex: 15    Spells: 2/8 levels left

rFire    . . .     SeeInvis .   e - +0 dagger
rCold    . . .     Gourm    .   (no shield)
rNeg     . . .     Faith    .   a - +1 robe
rPois    .         Spirit   .   (no helmet)
rElec    .         Reflect  .   (no cloak)
rCorr    .         Harm     .   (no gloves)
MR       .....                  (no boots)
Stlth    ++........             (no amulet)
Regen    0.1/turn               (no ring)
MPRegen  0.2/turn               (no ring)

@: lethally poisoned (0 -> -27), icy armour, very slightly contaminated, slow
A: no striking features
a: no special abilities


You were on level 3 of the Dungeon.
You were hungry.

You visited 1 branch of the dungeon, and saw 3 of its levels.

You collected 42 gold pieces.

Inventory:

Hand Weapons
 e - a +0 dagger (weapon)
Missiles
 h - 32 stones (quivered)
Armour
 a - a +1 robe (worn)
Scrolls
 i - 2 scrolls of amnesia
Potions
 f - a potion of agility {unknown}
 g - a potion of lignification {unknown}
 j - a potion of curing {unknown}
Books
 b - a book of Frost

   Spells                             Type                      Level
   a - Freeze                         Ice                          1
   b - Throw Frost                    Conjuration/Ice              2
   c - Ozocubu's Armour               Charms/Ice                   3
   d - Throw Icicle                   Conjuration/Ice              4
   e - Summon Ice Beast               Ice/Summoning                4
Comestibles
 c - 3 bread rations
 k - 2 chunks of flesh


   Skills:
 * Level 1.2 Fighting
 + Level 2.8 Dodging
 - Level 2.4 Stealth
 - Level 3.0 Spellcasting
 * Level 1.8 Conjurations
 + Level 4.2 Ice Magic


You had 2 spell levels left.
You knew the following spells:

 Your Spells              Type           Power        Failure   Level  Hunger
a - Freeze                Ice            ###.         2%          1    None
b - Throw Frost           Conj/Ice       ###...       6%          2    ##.....
c - Ozocubu's Armour      Chrm/Ice       ##......     19%         3    ###....


Dungeon Overview and Level Annotations

Branches:
Dungeon (3/15)

Altars:


Message History

Throwing (i - inventory):
h - 32 stones (quivered)
Press: ? - help, Shift-Dir - straight line, f - orc
Aim: an orc, wielding a short sword of venom
Okay, then.
Casting: Freeze
Confirm with . or Enter, or press ? or * to list all spells.
Okay, then.
You hit the orc.
The orc is moderately wounded.
You feel sick. The orc hits you but does no damage.
You are lethally poisoned!
The orc barely misses you.
The orc priest invokes the aid of Beogh against you.
Beogh smites you!
Ouch! That really hurt!
* * * LOW HITPOINT WARNING * * *
Unknown command.
You barely miss the orc.
The orc is moderately wounded.
You die...

# #..#..#
####.....# #
#.##.##.## #.
#.##.##.# # #.
#.##.##.#
#.#.#.##.##.##.###
..................
#.#..#.##........
#.....o##.##.####
....#.o#o#### .#
......oo@# #
####..### .....
...... ###... #.#.
#.


You could see an orc priest and 4 orcs.

Vanquished Creatures
  2 adders
  A worm (D:2)
  A dart slug (D:1)
  An orc (D:3)
  4 giant cockroaches
  3 goblins
  2 hobgoblins
  2 kobolds
  A quokka (D:2)
  6 bats
  2 frilled lizards
  3 rats
28 creatures vanquished.

Notes
Turn   | Place    | Note
-------+----------+-------------------------------------------
     0 | D:1      | hilaritas the Deep Elf Ice Elementalist began the quest for the Orb.
     0 | D:1      | Reached XP level 1. HP: 10/10 MP: 6/6
   348 | D:1      | Reached XP level 2. HP: 16/16 MP: 4/8
   384 | D:1      | Learned a level 2 spell: Throw Frost
   868 | D:2      | Reached skill level 1 in Fighting
   871 | D:2      | Reached skill level 4 in Ice Magic
   876 | D:2      | Reached XP level 3. HP: 20/20 MP: 1/9
   948 | D:2      | Learned a level 3 spell: Ozocubu's Armour
  1422 | D:3      | HP: 1/20 [orc priest/divine providence (15)]
  1423 | D:3      | Succumbed to an orc's poison

Skill      XL: |  1  2 |
---------------+-------+-----
Fighting       | 1 |  1.2
Ice Magic      | 4 |  4.2
Dodging        | |  2.8
Stealth        | |  2.4
Spellcasting   | |  3.0
Conjurations   | |  1.8

Action                   || total
-------------------------++-------
Melee: Dagger            ||     4
 Cast: Freeze            ||    40
       Throw Frost       ||     3
       Ozocubu's Armour  ||     2
  Use: Scroll            ||     4
       Potion            ||     1
  Eat: Chunk             ||     1
Armor: Robe              ||     9
Dodge: Dodged            ||    32
